 Dungeon Crawl Stone Soup version 0.29-a0-344-ge2f44be95a (webtiles) character file.

Game seed: 415657153521196994

68 Gargoyl the Skirmisher (level 4, -3/29 HPs)
             Began as a Gargoyle Abyssal Knight on Apr 21, 2022.
             Was a Believer of Lugonu.
             Slain by Crazy Yiuf
             ... wielding a +2 quarterstaff of chaos
              (9 damage)
             ... on level 2 of the Dungeon.
             The game lasted 00:02:33 (2250 turns).

Gargoyl the Skirmisher (Gargoyle Abyssal Knight)    Turns: 2250, Time: 00:02:33

Health: -3/29      AC: 18    Str: 19    XL:     4   Next: 19%
Magic:  5/5        EV:  5    Int: 17    God:    Lugonu [**....]
Gold:   76         SH:  0    Dex: 12    Spells: 3/3 levels left

rFire   . . .      SeeInvis .   a - +1 hand axe
rCold   . . .      Faith    .   (no shield)
rNeg    + . .      Spirit   .   d - +0 plate armour
rPois   ∞          Reflect  .   (no helmet)
rElec   +          Harm     .   i - +0 cloak
rCorr   .          Rampage  .   b - +1 pair of gloves {Str+3}
Will    .....                   (no boots)
Stlth   ..........              (no amulet)
HPRegen 0.09/turn               h - +6 ring of intelligence
MPRegen 0.09/turn               (no ring)

@: attractive
A: sickness immunity, AC +3, negative energy resistance 1, electricity
resistance, torment resistance 1, petrification resistance
a: Renounce Religion, Depart the Abyss, Bend Space


You were on level 2 of the Dungeon.
You worshipped Lugonu.
Lugonu was pleased with you.
You visited 1 branch of the dungeon, and saw 2 of its levels.
You visited the Abyss 1 time.

You collected 76 gold pieces.

Inventory:

Hand Weapons
 a - a +1 hand axe (weapon)
Armour
 b - a +1 pair of gloves of strength (worn)
 d - a +0 plate armour (worn)
 i - a +0 cloak (worn)
Jewellery
 h - a +6 ring of intelligence (left hand)
Scrolls
 j - a scroll of enchant weapon {unknown}
Potions
 c - a potion of attraction
 e - a potion of haste {unknown}
 f - a potion of degeneration {unknown}
 g - a potion of magic


   Skills:
 + Level 4.2 Fighting
 + Level 2.6 Axes
 + Level 3.1 Armour
 + Level 0.8 Dodging
 + Level 2.0 Invocations


You had 3 spell levels left.
You didn't know any spells.
Your spell library contained the following spells:

 Spells                   Type           Power      Damage    Failure   Level
 Gell's Gravitas          Tloc           0%         N/A       100%        3
 Lesser Beckoning         Tloc           0%         N/A       100%        3
 Teleport Other           Tloc           0%         N/A       100%        3


Dungeon Overview and Level Annotations

Branches:
Dungeon (2/15)

Altars:

Annotations:
D:2 Crazy Yiuf


Innate Abilities, Weirdness & Mutations

You are immune to sickness and miasma.
Your stone body is resilient. (AC +3)
You are immune to poison.
You resist negative energy. (rN+)
You are resistant to electric shocks. (rElec)
You are resistant to unholy torment.
You are immune to petrification.


Message History

Found a hand axe.
There is an open gate here.
Things that are here:
a +0 whip; a kobold skeleton Crazy Yiuf shouts!
Could not explore, unopened runed door.
You open the door. You hit Crazy Yiuf but do no damage.
Crazy Yiuf hits you but does no damage.
You hit Crazy Yiuf but do no damage.
Crazy Yiuf flaps his cloak.
Crazy Yiuf hits you with a +2 quarterstaff of chaos.
You feel your power leaking away.
You hit Crazy Yiuf but do no damage.
Crazy Yiuf hits you but does no damage. x2
You hit Crazy Yiuf.
Crazy Yiuf is lightly wounded.
Crazy Yiuf waves his quarterstaff at you.
Crazy Yiuf hits you but does no damage.
You hit Crazy Yiuf.
Crazy Yiuf is moderately wounded.
Crazy Yiuf hits you but does no damage.
You hit Crazy Yiuf.
Crazy Yiuf is moderately wounded.
Crazy Yiuf hits you but does no damage.
You hit Crazy Yiuf.
Crazy Yiuf is severely wounded.
Crazy Yiuf hits you with a +2 quarterstaff of chaos.
Crazy Yiuf burns you.
You completely miss Crazy Yiuf.
Crazy Yiuf is heavily wounded.
Crazy Yiuf hits you with a +2 quarterstaff of chaos!
* * * LOW HITPOINT WARNING * * *
You feel your power leaking away. Crazy Yiuf hits you but does no damage.
It was a potion of attraction.
You feel attractive to monsters.
Crazy Yiuf grits, "Race snail Hive!"
Crazy Yiuf hits you but does no damage.
It was a potion of magic.
Magic courses through your body.
Crazy Yiuf hits you with a +2 quarterstaff of chaos!
You die...

#.#..............# #..####
#.......#####..#.###..####
###.##### #.............#
### ##########.##.# #.....
##.#.# ### ♣♣######.#.#
#)..#♣♣ ♣♣........#.#
#...g@♣♣♣♣P.....##..<.
#...#♣..♣......#####.# ###
♣♣♣.♣....## ##.# ♣♣♣♣♣###
##..# ### #####...# #.####
##########'....... #....#
#.........#......# #...##
##.......##......# #...#
##.....###...####


You could see Crazy Yiuf.

Vanquished Creatures
  An adder (D:2)
  A dart slug (D:1)
  7 endoplasms
  5 giant cockroaches
  4 goblins
  8 hobgoblins
  4 jackals (D:2)
  2 quokkas
  6 ball pythons
  5 bats
  A frilled lizard (D:2)
  5 kobolds
49 creatures vanquished.

Notes
Turn   | Place    | Note
-------+----------+-------------------------------------------
     0 | Abyss:1  | Gargoyl the Gargoyle Abyssal Knight began the quest for the
                  | Orb.
     0 | Abyss:1  | Reached XP level 1. HP: 14/14 MP: 2/2
     0 | D:1      | Escaped the Abyss
   200 | D:1      | Reached XP level 2. HP: 17/19 MP: 3/3
   674 | D:1      | Found a faded altar of an unknown god.
   706 | D:1      | Reached skill level 4 in Fighting
   706 | D:1      | Reached XP level 3. HP: 21/24 MP: 4/4
  1240 | D:2      | Found a runed translucent door.
  1241 | D:2      | Noticed Crazy Yiuf
  1663 | D:2      | Reached XP level 4. HP: 29/29 MP: 5/5
  1690 | D:2      | Identified a scroll of acquirement
  1690 | D:2      | Acquired a +1 pair of gloves of strength
  2250 | D:2      | Slain by Crazy Yiuf

Illustrated notes

Levels and vault maps discovered:
D:1:      dpeg_arrival_leaves_temple_mockup, layout_basic,
          shapermc_ecumenical_altar_flowoftime, st_stairs_3
D:2:      layout_loops_corners, kennysheep_cross_bottleneck,
          uniq_crazy_yiuf_cottage

Skill      XL: |  1  2  3 |
---------------+----------+-----
Axes           | 2 |  2.6
Fighting       | 4 |  4.2
Armour         | 3 |  3.1
Dodging        | |  0.8
Invocations    | |  2.0

Action                   |  1- 3 |  4- 6 || total
-------------------------+-------+-------++-------
Melee: Hand axe          |    96 |    23 ||   119
Invok: Depart the Abyss  |     1 |       ||     1
  Use: Scroll            |     2 |     5 ||     7
       Potion            |       |     2 ||     2
Armor: Leather armour    |    16 |       ||    16
       Plate armour      |   108 |    28 ||   136
Dodge: Dodged            |    59 |     4 ||    63

Table legend: (Time is in decaauts)
 A = Elapsed time spent in this place.
 B = Non-inter-level travel time spent in this place.
 C = Inter-level travel time spent in this place.
 D = Time resting spent in this place.
 E = Time spent auto-exploring this place.
 F = Levels seen in this place.
 G = Mean time per level.
                   A        B        C        D        E       F      G
               +--------+--------+--------+--------+--------+-----+--------+
         Total |   2272 |   2257 |     15 |      0 |   1845 |   3 |  757.3 |
       Dungeon |   2272 |   2257 |     15 |      0 |   1845 |   2 | 1136.0 |
         Abyss |      0 |      0 |      0 |      0 |      0 |   1 |    0.0 |
               +--------+--------+--------+--------+--------+-----+--------+

Top non-repeatable levels by time:
     D:1: 1160 daAuts
     D:2: 1111 daAuts
